Map: Eternal Empire LE

Players

RiSky - Winner!

  • Race: Zerg Zerg
  • Spawn Location: 1:00

BlysK

  • Race: Protoss Protoss
  • League: Master
  • Spawn Location: 7:00

Event: DreamHack SC2 Masters 2020 Summer Oceania RoA

VOD

Have the link to the VOD?

Description

Time

  • Played on: June 24, 2020, 6:23 a.m.
  • Length: 11:44

All games in this series

Show
View Real Time Build Order
Export as new Build Order

RiSky Zerg - Winner!

Build Orders: Hatch First 

Get SALT Encoding   

  12  0:00  Drone  
  13  0:12  Overlord  
  13  0:17  Drone  
  14  0:30  Drone x2  
  16  0:48  Hatchery  
  15  0:51  Drone  
  15  0:55  Drone  
  17  0:58  Drone  
  18  1:09  Extractor  
  17  1:13  Spawning Pool  
  17  1:17  Drone  
  17  1:20  Drone  
  18  1:28  Drone  
  19  1:39  Drone  
  20  1:49  Overlord  
  20  2:00  Queen x2  
  25  2:01  Zergling x4  
  26  2:10  Drone  
  26  2:11  Drone  
  26  2:13  Metabolic Boost  
  28  2:22  Drone x2  
  30  2:37  Hatchery  
  29  2:44  Drone, Queen  
  32  2:52  Overlord  
  32  2:53  Zergling x2  
  32  2:55  Drone  
  32  2:57  Drone  
  35  3:01  Drone  
  36  3:14  Drone  
  36  3:16  Drone  
  36  3:17  Drone x2  
  36  3:18  Drone  
  41  3:21  Drone  
  41  3:24  Queen  
  44  3:28  Overlord  
  44  3:33  Overlord  
  44  3:42  Overlord  
  44  3:48  Overlord  
  44  3:49  Zergling x4  
  44  3:52  Drone x3  
  44  3:53  Drone x3  
  52  3:56  Roach Warren  
  52  3:59  Overlord  
  52  4:01  Drone  
  52  4:05  Drone  
  52  4:09  Extractor x2  
  51  4:10  Overlord  
  51  4:15  Drone  
  51  4:20  Drone  
  51  4:23  Drone  
  53  4:32  Overlord  
  53  4:35  Drone x2  
  53  4:36  Drone, Overlord  
  53  4:37  Drone  
  53  4:38  Roach x2  
  61  4:44  Roach x3  
  67  4:53  Roach  
  67  4:55  Roach x4  
  77  5:02  Roach  
  77  5:07  Roach x2  
  83  5:08  Roach x3  
  83  5:11  Roach  
  91  5:15  Overlord  
  91  5:18  Roach x3  
  91  5:19  Zergling x4  
  99  5:33  Zergling x10  
  100  5:38  Zergling x4  
  102  5:43  Zergling x2  
  102  5:45  Zergling x2  
  102  5:46  Zergling x4  
  102  5:47  Queen  
  106  5:53  Zergling x4  
  100  6:03  Drone x3  
  93  6:07  Drone  
  93  6:08  Drone  
  90  6:19  Drone x5  
  90  6:20  Lair  
  90  6:22  Drone  
  90  6:23  Drone  
  97  6:30  Drone  
  96  6:33  Drone x2  
  96  6:37  Evolution Chamber  
  96  6:38  Pneumatized Carapace  
  97  6:43  Drone  
  97  6:44  Roach x3  
  97  6:45  Overlord  
  101  6:50  Overlord  
  101  6:54  Overlord  
  100  6:56  Roach x3, Overlord  
  103  7:02  Zerg Melee Weapons Level 1  
  103  7:06  Zergling x8  
  98  7:11  Zergling x6  
  100  7:16  Drone x2  
  100  7:18  Drone  
  100  7:22  Drone x2  
  99  7:30  Drone x2  
  99  7:35  Drone x3  
  104  7:37  Drone  
  104  7:39  Drone x2  
  107  7:46  Spore Crawler  
  107  7:47  Spore Crawler  
  107  7:48  Spore Crawler  
  107  7:49  Drone  
  105  7:54  Drone x2  
  105  7:55  Drone  
  105  7:56  Drone  
  105  7:57  Drone  
  105  7:58  Drone  
  111  8:01  Overlord  
  111  8:04  Drone  
  112  8:05  Drone  
  112  8:07  Drone  
  112  8:09  Drone  
  109  8:15  Drone  
  109  8:17  Glial Reconstitution, Drone  
  109  8:19  Drone  
  109  8:21  Drone x3  
  109  8:24  Ravager x4  
  115  8:30  Drone  
  115  8:31  Overlord  
  107  8:35  Overlord  
  107  8:37  Drone  
  99  8:41  Roach x2  
  99  8:43  Roach  
  92  8:52  Roach  
  92  8:54  Extractor x2  
  87  8:56  Zergling x2  
  87  8:57  Zergling x8  
  90  9:03  Zergling x8  
  90  9:08  Zergling x2  
  95  9:10  Roach  
  95  9:11  Hatchery, Extractor  
  95  9:17  Roach  
  95  9:21  Roach x2  
  95  9:22  Roach  
  103  9:25  Roach x2  
  103  9:29  Overlord  
  107  9:32  Baneling Nest  
  107  9:33  Overlord  
  107  9:35  Drone  
  107  9:36  Drone  
  107  9:37  Overlord  
  109  9:38  Drone, Overlord  
  109  9:40  Drone x2  
  109  9:43  Roach x3  
  119  9:45  Roach  
  119  9:48  Zergling x2  
  120  9:53  Zergling x6  
  120  9:59  Zergling x6  
  126  10:00  Ravager x3  
  126  10:02  Zergling x6  
  126  10:05  Zergling x2  
  133  10:07  Ravager  
  133  10:08  Overlord x2  
  133  10:09  Zergling x2  
  133  10:12  Ravager  
  119  10:29  Zergling x16  
  123  10:37  Zergling x12  
  112  10:45  Roach x3  
  112  10:49  Ravager x2  
  114  10:52  Hatchery  
  101  10:59  Roach  
  101  11:00  Roach x2  
  99  11:06  Roach x3  
  99  11:08  Queen x2  
  99  11:10  Roach x3  
  112  11:20  Roach x2  
  112  11:23  Zergling x2  
Show
View Real Time Build Order
Export as new Build Order

BlysK Protoss 

Build Orders: 1 Gate Expand, Phoenix Opening, Chargelot Immortal, Mass Adepts 

Get SALT Encoding   

  12  0:00  Probe  
  13  0:13  Probe  
  14  0:20  Pylon  
  14  0:25  Probe  
  15  0:34  Probe  
  15  0:41  Gateway  
  15  0:42  Probe  
  16  0:44  Assimilator  
  17  0:53  Probe  
  18  1:05  Probe  
  19  1:17  Probe  
  20  1:25  Nexus  
  20  1:35  Cybernetics Core  
  20  1:38  Probe  
  21  1:45  Assimilator  
  21  1:50  Probe  
  22  1:55  Pylon  
  22  2:02  Probe  
  22  2:03  Adept  
  23  2:14  Probe  
  26  2:18  Stargate  
  26  2:23  Adept  
  26  2:26  Probe  
  26  2:28  Warp Gate  
  29  2:37  Probe  
  29  2:38  Probe  
  31  2:49  Probe  
  31  2:50  Probe  
  33  2:53  Phoenix  
  33  3:01  Probe  
  33  3:04  Probe  
  37  3:13  Gateway, Probe  
  37  3:16  Probe  
  39  3:25  Probe  
  39  3:27  Twilight Council  
  40  3:28  Probe  
  41  3:37  Probe  
  41  3:40  Probe  
  43  3:47  Gateway, Resonating Glaives  
  43  3:48  Gateway  
  43  3:50  Gateway, Pylon  
  43  3:53  Gateway  
  43  3:56  Probe  
  43  4:01  Pylon  
  44  4:03  Probe  
  45  4:10  Gateway  
  45  4:20  Adept x2  
  49  4:26  Pylon  
  49  4:33  Pylon  
  47  4:42  Adept x3  
  53  4:47  Pylon  
  53  4:52  Adept x3  
  55  4:55  Oracle  
  62  5:05  Adept x4  
  70  5:13  Adept x2  
  74  5:16  Adept  
  76  5:29  Adept x4  
  76  5:34  Adept  
  76  5:53  Adept x3  
  76  5:54  Adept  
  72  6:00  Probe  
  72  6:01  Probe  
  72  6:02  Assimilator  
  72  6:07  Assimilator  
  72  6:08  Adept x3  
  73  6:13  Probe x2  
  75  6:21  Robotics Facility  
  75  6:25  Probe x2  
  72  6:37  Probe  
  73  6:41  Robotics Facility  
  73  6:43  Zealot x3  
  73  6:44  Pylon  
  79  6:48  Adept  
  79  6:52  Pylon  
  77  6:58  Immortal  
  77  7:02  Charge  
  71  7:19  Immortal  
  67  7:24  Probe  
  67  7:25  Probe  
  67  7:26  Immortal  
  73  7:32  Robotics Bay  
  73  7:33  Gateway  
  73  7:35  Pylon  
  71  7:45  Sentry, Immortal  
  71  7:48  Nexus  
  73  7:57  Zealot  
  73  7:58  Zealot  
  80  8:05  Pylon  
  80  8:09  Immortal  
  80  8:12  Sentry  
  82  8:17  Sentry  
  82  8:18  Zealot x3  
  86  8:21  Warp Prism  
  82  8:39  Zealot x3  
  82  8:40  Zealot  
  78  8:45  Zealot  
  78  8:47  Disruptor  
  71  8:52  Disruptor  
  70  8:58  Sentry x2  
  70  8:59  Zealot  
  77  9:10  Zealot x2  
  81  9:21  Zealot  
  86  9:30  Zealot x2  
  86  9:31  Zealot  
  92  9:45  Sentry, Zealot x3  
  100  9:46  Sentry  
  102  9:56  Adept  
  101  10:07  Zealot x2, Pylon  
  98  10:24  Zealot x2  
  98  10:31  Zealot x3  
  79  10:44  Zealot x3  
  38  11:07  Zealot x4  
  42  11:15  Zealot x2  
Tags
 
Add a new tag
Caveats
  • Supply blocks, unpowered buildings, or Contaminate may cause inaccurate times.
  • Supply counts are checked every 10 seconds.